 Dungeon Crawl Stone Soup version 0.25.1-2-g60ff931df9 (webtiles) character file.

Game seed: 17611215248335816703

4235 lepoulpe303 the Grappler (level 10, -1/96 HPs)
             Began as a Troll Abyssal Knight on Sept 17, 2020.
             Was an Elder of Lugonu.
             Slain by a warg (14 damage)
             ... on level 7 of the Dungeon.
             The game lasted 00:17:11 (6430 turns).

lepoulpe303 the Grappler (Troll Abyssal Knight)     Turns: 6430, Time: 00:17:12

Health: -1/96      AC:  6    Str: 24    XL:     10   Next: 9%
Magic:  13/13      EV: 11    Int:  8    God:    Lugonu [****..]
Gold:   397        SH:  0    Dex: 10    Spells: 9/9 levels left

rFire    . . .     SeeInvis .     - Unarmed
rCold    . . .     Gourm    +   (no shield)
rNeg     . . .     Faith    .   a - +0 robe
rPois    .         Spirit   .   (helmet restricted)
rElec    .         Reflect  .   (no cloak)
rCorr    .         Harm     .   (gloves unavailable)
MR       .....                  (boots unavailable)
Stlth    +.........             (no amulet)
HPRegen  0.66/turn              (no ring)
MPRegen  0.13/turn              (no ring)

@: no status effects
A: large, unfitting armour, claws 3, fast metabolism 3, gourmand, regeneration
1, shaggy fur 1, tough skin 3
a: Depart the Abyss, Bend Space, Banish, Corrupt, Renounce Religion


You were on level 7 of the Dungeon.
You worshipped Lugonu.
Lugonu was greatly pleased with you.
You were completely stuffed.

You visited 1 branch of the dungeon, and saw 8 of its levels.
You visited the Abyss 1 time.

You collected 397 gold pieces.

Inventory:

Missiles
 h - 15 poisoned darts (quivered)
 l - 3 boomerangs
 C - 2 silver boomerangs
Armour
 a - a +0 robe (worn)
Jewellery
 r - an uncursed ring of protection from fire {unknown}
 A - a +6 ring of intelligence {unknown}
 B - a +4 ring of slaying {unknown}
 D - a cursed -4 ring of intelligence {unknown}
Wands
 s - a wand of flame (20)
Scrolls
 b - a scroll of amnesia {unknown}
 f - a scroll of silence {unknown}
 g - 4 scrolls of remove curse {unknown}
 i - 2 scrolls of identify
 p - 2 scrolls of teleportation {unknown}
 u - a scroll of enchant weapon {unknown}
 w - a scroll of random uselessness {unknown}
 x - 2 scrolls of fog {unknown}
 y - a scroll of enchant armour {unknown}
Potions
 c - a potion of haste {unknown}
 d - 2 potions of brilliance
 j - 2 potions of heal wounds {unknown}
 k - 2 potions of invisibility
 m - 2 potions of might {unknown}
 n - 3 potions of cancellation {unknown}
 o - 2 potions of mutation {!q}
 q - 2 potions of curing
 t - a potion of stabbing {unknown}
 v - 2 potions of lignification {!q}
 z - a potion of degeneration {unknown}
Comestibles
 e - 17 rations


   Skills:
 + Level 5.5 Fighting
 + Level 5.3 Throwing
 + Level 5.3 Dodging
 * Level 8.9 Unarmed Combat
 + Level 5.6 Invocations


You had 9 spell levels left.
You didn't know any spells.
Your spell library contained the following spells:

 Spells                   Type           Power        Failure   Level  Hunger
 Foxfire                  Conj/Fire      #...         41%         1    ##.....
 Conjure Flame            Conj/Fire      #.......     78%         3    ####...
 Inner Flame              Hex/Fire       #.......     78%         3    ####...
 Sticky Flame             Conj/Fire      #.......     99%         4    #####..
 Fireball                 Conj/Fire      #.........   100%        5    ######.


Dungeon Overview and Level Annotations

Branches:
Dungeon (8/15)             Temple (0/1) D:7
   Lair: D:8-11

Altars:
Ashenzari
Cheibriados
Gozag
Hepliaklqana
Kikubaaqudgha
Nemelex Xobeh
Qazlal
Ru
Sif Muna
Vehumet
Xom
Yredelemnul

Annotations:
D:3 3 runed translucent doors ; rc+, lepoulpe303's ghost, amateur CeAM


Innate Abilities, Weirdness & Mutations

You are too large for most types of armour.
You have claws for hands.
Your metabolism is lightning-fast.
You like to eat raw meat.
Your natural rate of healing is unusually fast.
You are covered in fur. (AC +1)
You have extremely tough skin. (AC +3)


Message History

The warg barely misses you. The warg bites you but does no damage.
There is a stone staircase leading up, spattered with blood here.
The warg barely misses you.
You climb upwards.
There is a stone staircase leading down here.
You regained 2 hp, and now have 32/96 hp.
The warg bites you!
* * * LOW HITPOINT WARNING * * *
Things that are here:
a +0 leather armour; a +0 war axe You take 9 damage, and have 23/96 hp.
You see here a +0 hand axe.
You closely miss the warg. The warg bites you but does no damage.
You closely miss the warg. The warg barely misses you.
You claw the warg! The warg bites you!
* * * LOW HITPOINT WARNING * * *
You take 12 damage, and have 13/96 hp.
You barely miss the warg. The warg bites you!
You die...

##..#### ###..###
#..## ##...##
##..## ##...##
##).####...##
#...##...##
##......##
##...[### ### ##
##...>[)###.####
.#####
##..###[h@......##
.....###..##
#####......#
.......)###
##......#
.......).##
#......##
..........##
#......#
...........#
#......#
...........##
##.....#
............##
#.....#
.............#
###...#


You could see a warg.

Levels and vault maps discovered:
D:1:      dpeg_arrival_round_a, layout_basic
D:2:      layout_loops_ring, grunt_temple_overflow_opulence, first_ration,
          feat_on_display
D:3:      layout_basic, nicolae_overflow_crystal_walls, old_standard_altar,
          gammafunk_ghost_icy, hangedman_glass_teeth
D:4:      layout_rooms, kennysheep_mini, kb_xom_exploding_sheep,
          lemuel_round_altar, vehumet_altar_wand_db, kennysheep_generic_room_3
D:5:      layout_rooms, kiku_gazebo_pond_becter
D:6:      gammafunk_cloud_chamber, layout_basic, kennysheep_mini_moat,
          nicolae_overflow_hidden_temple
D:7:      layout_cave_pods, grunt_qazlal_clouds, temple_doors_e
D:8:      layout_rooms, tgw_trog, grunt_dithmenos_smoke_and_mirrors, tso_altar,
          erik_lair_orcish_takeover, uniq_prince_ribbit1

Notes
Turn   | Place    | Note
-------+----------+-------------------------------------------
     0 | Abyss:1  | lepoulpe303 the Troll Abyssal Knight began the quest for
                  | the Orb.
     0 | Abyss:1  | Reached XP level 1. HP: 22/22 MP: 1/1
    48 | Abyss:1  | Noticed a thrashing horror
    50 | D:1      | Escaped the Abyss
   181 | D:1      | Identified a +0 dagger
   190 | D:1      | Reached skill level 2 in Dodging
   196 | D:1      | Identified a +0 dagger
   299 | D:1      | Identified a +0 club
   304 | D:1      | Reached * piety under Lugonu
   572 | D:1      | Identified a +0 club
   576 | D:1      | Reached XP level 2. HP: 25/29 MP: 2/2
  1128 | D:2      | Identified a +0 dagger
  1128 | D:2      | Identified a +0 club
  1174 | D:2      | Identified a +0 dagger
  1179 | D:2      | Reached XP level 3. HP: 28/36 MP: 3/3
  1256 | D:2      | Identified a +0 club
  1259 | D:2      | Reached skill level 1 in Throwing
  1418 | D:2      | Found a sparkling altar of Nemelex Xobeh.
  1425 | D:2      | Reached skill level 3 in Unarmed Combat
  1425 | D:2      | Reached skill level 2 in Invocations
  1426 | D:2      | Found an opulent altar of Gozag.
  1613 | D:3      | Found a runed translucent gate.
  1613 | D:3      | Found a runed translucent gate.
  1613 | D:3      | Found a runed translucent gate.
  1643 | D:3      | Reached XP level 4. HP: 36/44 MP: 4/4
  1693 | D:3      | Noticed lepoulpe303's ghost (amateur CeAM)
  1695 | D:3      | Identified a +0 club
  1698 | D:3      | Found a sacrificial altar of Ru.
  1717 | D:3      | Reached ** piety under Lugonu
  1854 | D:3      | Found a snail-covered altar of Cheibriados.
  1855 | D:3      | Identified a +0 short sword
  1956 | D:3      | Identified a +0 club
  1956 | D:3      | Identified a +0 ring mail
  2051 | D:3      | Identified a +0 trident
  2051 | D:3      | Identified a +0 scale mail
  2051 | D:3      | Identified a cursed -3 war axe
  2053 | D:3      | Identified a +0 club
  2341 | D:4      | Found a basalt altar of Yredelemnul.
  2363 | D:4      | Reached XP level 5. HP: 52/52 MP: 5/5
  2423 | D:4      | Reached skill level 3 in Fighting
  2483 | D:4      | Noticed a dream sheep
  2483 | D:4      | Noticed a dream sheep
  2483 | D:4      | Noticed a dream sheep
  2483 | D:4      | Noticed a dream sheep
  2483 | D:4      | Noticed a dream sheep
  2483 | D:4      | Found a shimmering altar of Xom.
  2489 | D:4      | Killed a dream sheep
  2489 | D:4      | Killed a dream sheep
  2489 | D:4      | Killed a dream sheep
  2489 | D:4      | Killed a dream sheep
  2489 | D:4      | Killed a dream sheep
  2580 | D:4      | Identified a +0 chain mail
  2613 | D:4      | Found a radiant altar of Vehumet.
  2665 | D:4      | Found a hazy altar of Hepliaklqana.
  2852 | D:4      | Identified a +0 giant spiked club
  2852 | D:4      | Noticed an ogre
  2880 | D:4      | Killed an ogre
  2880 | D:4      | Reached skill level 2 in Throwing
  2880 | D:4      | Reached skill level 4 in Unarmed Combat
  2880 | D:4      | Reached XP level 6. HP: 61/61 MP: 5/7
  2956 | D:4      | Identified 2 scrolls of identify
  2956 | D:4      | Identified a ring of attention (You found it on level 1 of
                  | the Dungeon)
  2995 | D:5      | Entered Level 5 of the Dungeon
  3069 | D:5      | Noticed a sky beast
  3069 | D:5      | Identified a +0 dagger
  3167 | D:5      | Killed a sky beast
  3167 | D:5      | Reached skill level 3 in Invocations
  3264 | D:5      | Reached skill level 3 in Dodging
  3264 | D:5      | Reached XP level 7. HP: 67/67 MP: 8/8
  3327 | D:5      | Identified a +0 whip
  3360 | D:5      | Found an ancient bone altar of Kikubaaqudgha.
  3413 | D:5      | Reached skill level 5 in Unarmed Combat
  3686 | D:6      | Reached skill level 3 in Throwing
  3714 | D:6      | Found a transporter.
  3849 | D:6      | Reached skill level 4 in Fighting
  3849 | D:6      | Reached XP level 8. HP: 39/78 MP: 9/9
  3956 | D:6      | Identified a +0 shortbow
  3961 | D:6      | Found a shimmering blue altar of Sif Muna.
  4091 | D:6      | Identified a +0 club
  4105 | D:6      | Identified a +0 halberd
  4105 | D:6      | Identified a +0 plate armour
  4105 | D:6      | Identified a +0 trident
  4107 | D:6      | Identified a +0 morningstar of holy wrath
  4107 | D:6      | Identified a +0 ring mail
  4135 | D:6      | Reached skill level 6 in Unarmed Combat
  4181 | D:6      | Reached skill level 4 in Invocations
  4239 | D:6      | Identified a +0 leather armour
  4266 | D:6      | Identified a +0 battleaxe
  4266 | D:6      | Identified a +0 plate armour
  4266 | D:6      | Identified a +0 hand axe
  4266 | D:6      | Identified a +0 flail
  4267 | D:6      | Found a shattered altar of Ashenzari.
  4267 | D:6      | Identified a +0 dagger
  4267 | D:6      | Identified a +0 robe
  4267 | D:6      | Identified a +0 scale mail
  4274 | D:6      | Reached skill level 4 in Dodging
  4403 | D:6      | Identified a +0 giant spiked club
  4403 | D:6      | Identified a +0 giant club
  4403 | D:6      | Noticed a two-headed ogre
  4450 | D:6      | Killed a two-headed ogre
  4450 | D:6      | Reached *** piety under Lugonu
  4450 | D:6      | Reached skill level 4 in Throwing
  4450 | D:6      | Reached skill level 7 in Unarmed Combat
  4450 | D:6      | Reached XP level 9. HP: 76/85 MP: 11/11
  4576 | D:6      | Found a transporter.
  4691 | D:6      | Identified 2 potions of invisibility
  4692 | D:6      | Identified 2 potions of mutation
  4693 | D:6      | Identified 2 potions of lignification
  4694 | D:6      | Identified 2 potions of brilliance
  4695 | D:6      | Identified 2 potions of curing
  5237 | D:7      | Found a staircase to the Ecumenical Temple.
  5271 | D:7      | Identified a +0 trident
  5271 | D:7      | Identified a +0 ring mail
  5284 | D:7      | Identified a +0 morningstar
  5284 | D:7      | Identified a +0 hand axe
  5284 | D:7      | Identified a +0 leather armour
  5286 | D:7      | Identified a +0 dagger
  5286 | D:7      | Identified a +0 robe
  5446 | D:7      | Reached skill level 5 in Fighting
  5459 | D:7      | Identified a +0 dire flail
  5459 | D:7      | Identified a +0 chain mail
  5459 | D:7      | Identified a +0 dagger
  5459 | D:7      | Identified a +0 robe
  5459 | D:7      | Identified a +0 whip of holy wrath
  5459 | D:7      | Identified a +0 scale mail
  5482 | D:7      | Reached skill level 5 in Invocations
  5564 | D:7      | Identified a +0 falchion
  5565 | D:7      | Identified a +0 falchion
  5565 | D:7      | Identified a +0 leather armour
  5565 | D:7      | Identified a +0 dagger
  5565 | D:7      | Identified a +0 robe
  5566 | D:7      | Identified a +0 short sword
  5587 | D:7      | Reached skill level 8 in Unarmed Combat
  5610 | D:7      | Identified a +0 club
  5610 | D:7      | Identified a +0 leather armour
  5610 | D:7      | Identified a +0 hand axe
  5610 | D:7      | Identified a +0 dagger
  5610 | D:7      | Identified a +0 robe
  5659 | D:7      | Found a stormy altar of Qazlal.
  5753 | D:7      | Identified a +0 giant club
  5753 | D:7      | Identified a +0 giant spiked club
  5753 | D:7      | Noticed a two-headed ogre
  5778 | D:7      | Killed a two-headed ogre
  5778 | D:7      | Reached skill level 5 in Throwing
  5778 | D:7      | Reached skill level 5 in Dodging
  5980 | D:7      | Identified a +0 giant club
  6048 | D:7      | Identified a +0 hand axe
  6048 | D:7      | Identified a +0 war axe
  6048 | D:7      | Identified a +0 leather armour
  6048 | D:7      | Identified a +0 mace
  6048 | D:7      | Identified a +0 leather armour
  6048 | D:7      | Identified a +0 trident
  6048 | D:7      | Identified a +0 whip
  6048 | D:7      | Identified a +0 chain mail
  6341 | D:8      | Reached XP level 10. HP: 66/96 MP: 13/13
  6373 | D:8      | Identified a +0 club
  6373 | D:8      | Identified a cursed +0 dagger
  6373 | D:8      | Identified a +0 robe
  6376 | D:8      | Identified a +0 dagger
  6376 | D:8      | Identified a +0 robe
  6379 | D:8      | Identified a +0 mace
  6379 | D:8      | Identified a +0 chain mail
  6384 | D:8      | Reached **** piety under Lugonu
  6387 | D:8      | Identified a +0 whip
  6387 | D:8      | Identified a +0 leather armour
  6390 | D:8      | Identified a +0 dagger
  6424 | D:7      | HP: 23/96 [warg (10)]
  6429 | D:7      | HP: 13/96 [warg (13)]
  6430 | D:7      | Slain by a warg

Table legend:
 A = Turns spent in this place as a percentage of turns spent in the entire game.
 B = Non-inter-level travel turns spent in this place as a percentage of non-inter-level travel turns spent in the entire game.
 C = Inter-level travel turns spent in this place as a percentage of turns spent in this place.
 D = Turns resting spent in this place as a percentage of non-inter-level travel turns spent in this place.
 E = Turns spent auto-exploring this place as a percentage of non-inter-level travel turns spent in this place.
 F = Non-inter-level travel turns spent in this place divided by the number of levels of this place that you've seen.
                   A       B       C       D       E      F
               +-------+-------+-------+-------+-------+----------------------
         Total | 100.0 | 100.0 |   7.2 |  10.9 |  67.8 | 663.2
       Dungeon |  99.2 |  99.2 |   7.2 |  11.0 |  68.3 | 739.9
         Abyss |   0.8 |   0.8 |   0.0 |   0.0 |   0.0 |  50.0
               +-------+-------+-------+-------+-------+----------------------

Table legend:
 A = Kills in this place as a percentage of kills in entire the game.
 B = Kills by you in this place as a percentage of kills by you in the entire game.
 C = Kills by friends in this place as a percentage of kills by friends in the entire game.
 D = Other kills in this place as a percentage of other kills in the entire game.
 E = Experience gained in this place as a percentage of experience gained in the entire game.
 F = Experience gained in this place divided by the number of levels of this place that you have seen.
                   A       B       C       D       E      F
               +-------+-------+-------+-------+-------+----------------------
         Total | 100.0 | 100.0 |   N/A | 100.0 | 100.0 | 672.2
       Dungeon | 100.0 | 100.0 |   N/A | 100.0 | 100.0 | 756.2
               +-------+-------+-------+-------+-------+----------------------

Skill      XL: |  1  2  3  4  5  6  7  8  9 |
---------------+----------------------------+-----
Dodging        | 2 3 4 5 |  5.3
Throwing       | 1 2 3 4 5 |  5.3
Unarmed Combat | 3 4 5 7 8 |  8.9
Invocations    | 2 3 4 5 |  5.6
Fighting       | 3 4 5 |  5.5

Action                   |  1- 3 |  4- 6 |  7- 9 | 10-12 || total
-------------------------+-------+-------+-------+-------++-------
Melee: Unarmed           |    68 |    51 |   226 |    38 ||   383
       Punch             |     1 |     1 |     5 |       ||     7
Throw: Boomerang         |    28 |    21 |       |       ||    49
       Dart              |       |    37 |    49 |       ||    86
Invok: Depart the Abyss  |     1 |       |       |       ||     1
  Use: Scroll            |       |     1 |     5 |       ||     6
       Potion            |       |       |     2 |       ||     2
 Stab: Sleeping          |       |       |     1 |       ||     1
  Eat: Chunk             |    18 |    16 |    29 |     1 ||    64
Armor: Robe              |    28 |    14 |    74 |     9 ||   125
Dodge: Dodged            |    32 |    21 |   128 |    17 ||   198

Vanquished Creatures
  2 two-headed ogres
  2 wargs (D:8)
  A water moccasin (D:6)
  3 orc warriors
  3 sky beasts
  2 ice beasts (D:6)
  A black bear (D:7)
  2 phantoms
  2 ogres
  A centaur (D:6)
  4 bullfrogs
  A water moccasin zombie (D:6)
  5 scorpions
  A water moccasin skeleton (D:4)
  A howler monkey (D:7)
  3 crimson imps
  4 orc priests
  3 hounds
  A jelly (D:6)
  A quasit (D:5)
  A centaur skeleton (D:6)
  6 orc wizards
  An iguana (D:8)
  2 worker ants
  A howler monkey zombie (D:7)
  5 adders
  2 oozes (D:2)
  3 worms
  A dart slug (D:2)
  2 leopard geckos (D:2)
  26 orcs
  A ball python (D:2)
  A giant cockroach (D:2)
  4 goblins
  6 hobgoblins
  7 jackals
  8 kobolds
  2 quokkas
  5 bats
  2 frilled lizards (D:2)
  A quokka skeleton (D:2)
  6 rats
136 creatures vanquished.

Vanquished Creatures (others)
  5 dream sheep (D:4)
  An orc wizard (D:6)
  A leopard gecko zombie (D:7)
7 creatures vanquished.

Grand Total: 143 creatures vanquished
